 Dungeon Crawl Stone Soup version 0.31.0-11-ge490571c62 (console) character file.

Game seed: 7651200599898474678

68 JoeltCo the Apothecary (level 4, 0/32 HPs)
             Began as a Gnoll Alchemist on Jan 30, 2024.
             Slain by a gnoll
             ... wielding a +0 spear
              (3 damage)
             ... on level 2 of the Dungeon.
             The game lasted 00:06:36 (1684 turns).

JoeltCo the Apothecary (Gnoll Alchemist)            Turns: 1684, Time: 00:06:37

Health: 0/32       AC:  3    Str:  6    XL:     4   Next: 19%
Magic:  1/11       EV: 13    Int: 20    God:
Gold:   82         SH:  0    Dex: 12    Spells: 3/13 levels left

rFire   . . .        b - +1 dagger
rCold   . . .        (no shield)
rNeg    . . .        a - +1 robe
rPois   .            (no helmet)
rElec   .            (no cloak)
rCorr   .            (no gloves)
SInv    .            (no boots)
Will    .....        j - amulet of the acrobat
Stlth   ++           (no ring)
HPRegen 0.25/turn    (no ring)
MPRegen 0.12/turn

%: acrobat
@: attractive, very slightly contaminated
A: fangs 1, strong nose, distributed training, clever 1, wild magic 1
a: no special abilities


You were on level 2 of the Dungeon.
You visited 1 branch of the dungeon, and saw 2 of its levels.

You collected 82 gold pieces.

Inventory:

Hand Weapons
 b - a +1 dagger (weapon)
Armour
 a - a +1 robe (worn)
Jewellery
 e - the ring "Kudig" {rC+ Dex+3}
   (You found it on level 2 of the Dungeon)

   [ring of protection from cold]

   Dex+3:     It affects your dexterity (+3).
   rC+:       It protects you from cold.
 j - an amulet of the acrobat (around neck)
Potions
 i - a potion of berserk rage


   Skills:
 + Level 1.1 Fighting
 + Level 1.1 Short Blades
 + Level 1.1 Long Blades
 + Level 1.1 Axes
 + Level 1.1 Maces & Flails
 + Level 1.1 Polearms
 + Level 1.1 Staves
 + Level 1.1 Ranged Weapons
 + Level 1.1 Throwing
 + Level 1.1 Armour
 + Level 4.6 Dodging
 + Level 4.2 Stealth
 + Level 1.1 Shields
 + Level 1.1 Unarmed Combat
 + Level 5.0 Spellcasting
 + Level 2.2 Conjurations
 + Level 0.8 Hexes
 + Level 0.8 Summonings
 + Level 0.8 Necromancy
 + Level 0.8 Translocations
 + Level 0.8 Fire Magic
 + Level 0.8 Ice Magic
 + Level 0.8 Air Magic
 + Level 0.8 Earth Magic
 + Level 5.4 Alchemy
 + Level 1.2 Invocations
 + Level 1.1 Evocations
 + Level 1.0 Shapeshifting


You had 3 spell levels left.
You knew the following spells:

 Your Spells              Type           Power      Damage    Failure   Level
a - Sting                 Conj/Alch      100%       1d9       4%          1
b - Mercury Vapours       Alch/Air       46%        N/A       8%          2
c - Mephitic Cloud        Conj/Alch/Air  21%        N/A       16%         3
d - Olgreb's Toxic Radia  Alch           35%        N/A       17%         4

Your spell library contained the following spells:

 Spells                   Type           Power      Damage    Failure   Level
 Sticky Flame             Fire/Alch      23%        2d6       38%         4


Dungeon Overview and Level Annotations

Branches:
Dungeon (2/15)

Altars:


Innate Abilities, Weirdness & Mutations

You have very sharp teeth.
Your uncanny sense of smell can sniff out nearby items.
Your experience applies equally to all skills.
Your mind is acute. (Int +4, Str/Dex -1)
Your spells are a little harder to cast, but a little more powerful.


Message History

You begin to radiate toxic energy.
The gnoll is poisoned. x2
The gnoll looks even sicker.
You feel very sick. The endoplasm closely misses you. The gnoll misses you.
The gnoll looks even sicker.
Your toxic aura wanes.
You feel sick.
You feel sick. The endoplasm barely misses you.
You feel sick.
The endoplasm attacks as it pursues you!
The endoplasm barely misses you. The gnoll attacks as it pursues you!
The gnoll completely misses you.
You feel sick. The gnoll attacks as it pursues you! The gnoll misses you.
It was a potion of mutation.
You feel extremely strange.
You feel clever.
You feel less in control of your magic.
You feel sick.
The endoplasm hits you but does no damage.
As you read the scroll labelled RYVEMI OTWIMU, it dissolves into smoke.
It was a scroll of fog.
You feel sick. The gnoll misses you. The endoplasm misses you.
It was a potion of attraction.
You feel attractive to monsters.
You feel sick. The gnoll misses you. The endoplasm closely misses you.
Casting: Olgreb's Toxic Radiance (extremely dangerous; 17% risk of failure)
Confirm with . or Enter, or press ? or * to list all spells.
Aiming: Sting (safe; 4% risk of failure)
Press: ? - help, Shift-Dir - straight line, f/p - endoplasm
Aim: an endoplasm (blue smoke, severely wounded, 98% to hit)
The sting hits the endoplasm.
The endoplasm partially resists.
The endoplasm is poisoned.
You kill the endoplasm!
You feel sick.
You are no longer poisoned.
The gnoll looks more healthy.
You feel a bit more experienced. The gnoll closely misses you.
The gnoll is attracted toward you.
Unknown command.
You hit the gnoll.
The gnoll is almost dead.
The gnoll hits you with a +0 spear.
You die...

#..... ##...#
.. ##.## #.#
#.# #.#
#.#.#.. #.# #.
.#.### #+# #.
....# ... #.
#.#.# .... #§
#...# . ....
#§###...###.g.
...g
#§@g§∆g..g....
...g
#####...####..
.... ##).#


gJ.. ##.# ..g< #.# ... #.# #+# #.# #.# #.# #.# #.# ##†## #.# ##...#
#.######..... You could see a gnoll.

Vanquished Creatures
  A gnoll (D:2)
  3 dart slugs
  5 endoplasms
  3 giant cockroaches
  6 goblins
  5 hobgoblins
  2 jackals (D:2)
  3 quokkas
  5 ball pythons
  3 bats
  4 frilled lizards
  5 kobolds
  3 rats (D:1)
48 creatures vanquished.

Notes
Turn   | Place    | Note
-------+----------+-------------------------------------------
     0 | D:1      | JoeltCo the Gnoll Alchemist began the quest for the Orb.
     0 | D:1      | Reached XP level 1. HP: 13/13 MP: 6/6
   123 | D:1      | Reached XP level 2. HP: 10/19 MP: 4/7
   205 | D:1      | Learned a level 2 spell: Mercury Vapours
   510 | D:1      | Reached skill level 5 in Spellcasting
   510 | D:1      | Reached XP level 3. HP: 25/25 MP: 4/9
   720 | D:1      | Reached skill level 1 in Invocations
  1019 | D:1      | Learned a level 3 spell: Mephitic Cloud
  1303 | D:2      | Reached skill level 1 in Fighting
  1303 | D:2      | Reached skill level 1 in Short Blades
  1303 | D:2      | Reached skill level 1 in Long Blades
  1303 | D:2      | Reached skill level 1 in Axes
  1303 | D:2      | Reached skill level 1 in Maces & Flails
  1303 | D:2      | Reached skill level 1 in Polearms
  1303 | D:2      | Reached skill level 1 in Staves
  1303 | D:2      | Reached skill level 1 in Ranged Weapons
  1303 | D:2      | Reached skill level 1 in Throwing
  1303 | D:2      | Reached skill level 1 in Armour
  1303 | D:2      | Reached skill level 1 in Shields
  1303 | D:2      | Reached skill level 1 in Unarmed Combat
  1303 | D:2      | Reached skill level 1 in Evocations
  1563 | D:2      | Identified the ring "Kudig" {rC+ Dex+3}
  1660 | D:2      | Reached skill level 1 in Shapeshifting
  1660 | D:2      | Reached XP level 4. HP: 32/32 MP: 9/11
  1665 | D:2      | Learned a level 4 spell: Olgreb's Toxic Radiance
  1680 | D:2      | Gained mutation: Your mind is acute. (Int +4, Str/Dex -1)
                  | [potion of mutation]
  1680 | D:2      | Gained mutation: Your spells are a little harder to cast,
                  | but a little more powerful. [potion of mutation]
  1684 | D:2      | Slain by a gnoll

Illustrated notes

Levels and vault maps discovered:
D:1:      minmay_arrival_diagonal_passages, layout_rooms
D:2:      layout_loops_corners, kennysheep_generic_room_5

Skill      XL: |  1  2  3 |
---------------+----------+-----
Conjurations   | 2 |  2.2
Spellcasting   | 5 |  5.0
Invocations    | 1 |  1.2
Fighting       | 1 |  1.1
Short Blades   | 1 |  1.1
Long Blades    | 1 |  1.1
Axes           | 1 |  1.1
Maces & Flails | 1 |  1.1
Polearms       | 1 |  1.1
Staves         | 1 |  1.1
Ranged Weapons | 1 |  1.1
Throwing       | 1 |  1.1
Armour         | 1 |  1.1
Shields        | 1 |  1.1
Unarmed Combat | 1 |  1.1
Evocations     | 1 |  1.1
Shapeshifting  | 1 |  1.0
Dodging        | |  4.6
Stealth        | |  4.2
Hexes          | |  0.8
Summonings     | |  0.8
Necromancy     | |  0.8
Translocations | |  0.8
Fire Magic     | |  0.8
Ice Magic      | |  0.8
Air Magic      | |  0.8
Earth Magic    | |  0.8
Alchemy        | |  5.4

Action                     |  1- 3 |  4- 6 || total
---------------------------+-------+-------++-------
  Melee: Dagger            |     6 |     2 ||     8
         Bite              |     2 |       ||     2
   Cast: Sting             |    88 |     3 ||    91
         Olgreb's Toxic Ra |       |     1 ||     1
    Use: Potion            |     1 |     2 ||     3
         Scroll            |     6 |     1 ||     7
 Armour: Robe              |    10 |     3 ||    13
  Dodge: Dodged            |    44 |    11 ||    55
